 Dungeon Crawl Stone Soup version 0.24-a0-280-g7cec4da (webtiles) character file.

Game seed: 7402403852226489552

18 Sedgwick the Shield-Bearer (level 2, -9/24 HPs)
             Began as a Formicid Fighter on May 6, 2019.
             Shot with an arrow by a centaur (11 damage)
             ... on level 2 of the Dungeon.
             The game lasted 00:02:12 (504 turns).

Sedgwick the Shield-Bearer (Formicid Fighter)        Turns: 504, Time: 00:02:12

Health: -9/24      AC:  9    Str: 25    XL:     2   Next: 90%
Magic:  2/2        EV: 11    Int:  7    God:
Gold:   70         SH: 10    Dex: 15    Spells: 1/1 levels left

rFire    . . .     SeeInvis +   a - +0 war axe
rCold    . . .     Gourm    .   c - +0 shield
rNeg     . . .     Faith    .   e - +0 chain mail
rPois    .         Spirit   .   (helmet unavailable)
rElec    .         Reflect  .   (no cloak)
rCorr    .         Harm     .   (no gloves)
MR       .....                  (no boots)
Stlth    ..........             (no amulet)
HPRegen  0.08/turn              (no ring)
MPRegen  0.08/turn              (no ring)

@: mighty, agile
A: permanent stasis, dig shafts and tunnels, four strong arms, antennae 3
a: Dig, Shaft Self


You were on level 2 of the Dungeon.
You were not hungry.

You visited 1 branch of the dungeon, and saw 2 of its levels.

You collected 70 gold pieces.

Inventory:

Hand Weapons
 a - a +0 war axe (weapon)
Armour
 c - a +0 shield (worn)
 e - a +0 chain mail (worn)
Scrolls
 g - a scroll of blinking {unknown}
 h - 2 scrolls of remove curse {unknown}
Potions
 d - 2 potions of might
 i - 3 potions of curing {unknown}
 j - 2 potions of berserk rage {unknown}
 k - a potion of brilliance {unknown}
 l - a potion of mutation {unknown}
Comestibles
 f - 2 rations


   Skills:
 + Level 3.5 Fighting
 * Level 2.5 Axes
 + Level 3.5 Armour
 + Level 3.9 Shields


You had one spell level left.
You didn't know any spells.
Your spell library was empty.

Dungeon Overview and Level Annotations

Branches:
Dungeon (2/15)

Altars:


Innate Abilities, Weirdness & Mutations

You cannot be hasted, slowed, berserked, paralysed or teleported.
You can dig through walls and to a lower floor.
Your four strong arms can wield two-handed weapons with a shield.
You have a pair of large antennae on your head. (SInv)


Message History

The centaur shoots an arrow.
The arrow hits you but does no damage.
The centaur shoots an arrow.
The arrow hits you!
You see here an arrow.
The centaur shoots an arrow.
The arrow hits you.
* * * LOW HITPOINT WARNING * * *
You see here an arrow.
An orc comes into view. It is wielding a +0 hand axe.
The orc shouts!
The centaur shoots an arrow.
The arrow hits you.
* * * LOW HITPOINT WARNING * * *
You see here an arrow.
The centaur shoots an arrow.
The arrow barely misses you.
The centaur shoots an arrow.
You block the arrow.
The centaur shoots an arrow.
You block the arrow.
You see here 2 arrows.
You feel very mighty all of a sudden.
It was a potion of agility.
You feel agile all of a sudden.
The centaur shoots an arrow.
The arrow hits you!
You die...

.........##..........
...........#...........
........................
........................
.<......................
............o.....(.....
............c.o.........
...........(####.##...#
..c.....(..@####(# ...
##.#..(######((.#
#...#(# #..### ### #.#
#.## # #.# ###c#
#.#.###.(.# #...c....##
#........# #........#


You could see a centaur and an orc.

Vanquished Creatures
  A worm (D:2)
  2 dart slugs (D:1)
  A giant cockroach (D:2)
  2 bats (D:1)
  3 frilled lizards
  2 kobolds (D:1)
  4 rats (D:1)
15 creatures vanquished.

Notes
Turn   | Place    | Note
-------+----------+-------------------------------------------
     0 | D:1      | Sedgwick the Formicid Fighter began the quest for the Orb.
     0 | D:1      | Reached XP level 1. HP: 18/18 MP: 1/1
     9 | D:1      | You fall through a shaft!
   196 | D:1      | Reached XP level 2. HP: 24/24 MP: 2/2
   478 | D:2      | Noticed a centaur
   495 | D:2      | HP: 1/24 [centaur/arrow (1)]
   504 | D:2      | Shot with an arrow by a centaur

Levels and vault maps discovered:
D:1:      dpeg_arrival_shelter, layout_rooms
D:2:      layout_rooms, first_ration, kennysheep_minor_cross

Action                   || total
-------------------------++-------
Melee: War axe           ||    32
  Use: Potion            ||     2
Armor: Chain mail        ||    20
       Scale mail        ||     2
Dodge: Dodged            ||     7
Block: Shield            ||    20

Table legend:
 A = Non-vault XP
 B = Vault XP
 C = Vault XP percentage of total XP
 D = Non-vault monster count
 E = Vault monster count
 F = Vault count percentage of total count
                 A         B        C        D         E       F
            +---------+---------+-------+---------+---------+-------
      Total |      27 |       0 |   0.0 |      15 |       0 |   0.0
            +---------+---------+-------+---------+---------+-------
        D:1 |      19 |       0 |   0.0 |      12 |       0 |   0.0
        D:2 |       8 |       0 |   0.0 |       3 |       0 |   0.0
            +---------+---------+-------+---------+---------+-------
